TOP OF THE 1ST |
Scottsdale Scorpions batting - Pitching for Savannah Hogs : RHP Lúcio Estrada
|
Pitching: RHP Lúcio Estrada
|
|
Batting: RHB Júlio Serra
|
0-0: Foul Ball, location: 2F 0-1: Ball 1-1: Ball 2-1: Ball 3-1: Fly out, F7 (Flyball, 7D)
|
Batting: RHB Steve Boyer
|
0-0: Called Strike 0-1: Ball 1-1: Called Strike 1-2: Foul Ball, location: 2F 1-2: Ball 2-2: Strikes out swinging
|
Batting: SHB Luis López
|
0-0: Called Strike 0-1: Foul Ball, location: 2F 0-2: Ball 1-2: Strikes out swinging
|
Top of the 1st over - 0 run(s), 0 hit(s), 0 error(s), 0 left on base; Scottsdale 0 - Savannah 0 |
BOTTOM OF THE 1ST |
Savannah Hogs batting - Pitching for Scottsdale Scorpions : LHP Miguel Meneces
|
Pitching: LHP Miguel Meneces
|
|
Batting: RHB Ramón Gómez
|
0-0: Ground out 5-3 (Groundball, 56S)
|
Batting: RHB Joel García
|
0-0: Called Strike 0-1: Ball 1-1: Ball 2-1: Ball 3-1: Base on Balls
|
Batting: RHB Henry Haines
|
0-0: Called Strike 0-1: Foul Ball, location: 2F 0-2: Ball 1-2: Fly out, F7 (Line Drive, 7)
|
Batting: LHB António Gutiérrez
|
0-0: SINGLE (Groundball, 4) (infield hit) Joel García to second
|
Batting: RHB Júlio Contreras
|
0-0: Ball 1-0: Called Strike 1-1: Ball 2-1: Ball 3-1: Called Strike 3-2: Base on Balls Joel García to third António Gutiérrez to second
|
Batting: SHB Juan Chávez
|
0-0: Called Strike 0-1: Called Strike 0-2: Ball 1-2: Ball 2-2: Ball 3-2: Strikes out swinging
|
Bottom of the 1st over - 0 run(s), 1 hit(s), 0 error(s), 3 left on base; Scottsdale 0 - Savannah 0 |
TOP OF THE 2ND |
Scottsdale Scorpions batting - Pitching for Savannah Hogs : RHP Lúcio Estrada
|
Batting: RHB Edgardo Gonzáles
|
0-0: Called Strike 0-1: Swinging Strike 0-2: Ball 1-2: Foul Ball, location: 2F 1-2: Ball 2-2: Ball 3-2: Foul Ball, location: 2F 3-2: Strikes out swinging
|
Batting: SHB Arnold Moore
|
0-0: Ground out 4-3 (Groundball, 4)
|
Batting: RHB José Méndez
|
0-0: Ball 1-0: Called Strike 1-1: Ball 2-1: Foul Ball, location: 2F 2-2: Ball 3-2: Strikes out swinging
|
Top of the 2nd over - 0 run(s), 0 hit(s), 0 error(s), 0 left on base; Scottsdale 0 - Savannah 0 |
BOTTOM OF THE 2ND |
Savannah Hogs batting - Pitching for Scottsdale Scorpions : LHP Miguel Meneces
|
Batting: RHB Jorge Chávez
|
0-0: Ground out 6-3 (Groundball, 6)
|
Batting: LHB Marv Gardner
|
0-0: Called Strike 0-1: SINGLE (Groundball, 34D)
|
Batting: RHB Guillermo González
|
0-0: Called Strike 0-1: Ball 1-1: Called Strike 1-2: Strikes out looking
|
Batting: RHB Ramón Gómez
|
0-0: Called Strike 0-1: Ground out 1-3 (Groundball, 15)
|
Bottom of the 2nd over - 0 run(s), 1 hit(s), 0 error(s), 1 left on base; Scottsdale 0 - Savannah 0 |
TOP OF THE 3RD |
Scottsdale Scorpions batting - Pitching for Savannah Hogs : RHP Lúcio Estrada
|
Batting: LHB Shawn Brown
|
0-0: Ball 1-0: SINGLE (Line Drive, 89S)
|
Batting: RHB Robinson Fernández
|
0-0: Ball Shawn Brown is caught stealing 2nd base 1-0: SINGLE (Flyball, 6MD)
|
Batting: RHB Henry Cahill
|
0-0: Ball 1-0: Foul Ball, location: 2F 1-1: Called Strike 1-2: Ball Robinson Fernández steals 2nd base 2-2: Hit by Pitch
|
Batting: RHB Júlio Serra
|
0-0: SINGLE (Line Drive, 34) Robinson Fernández to third Henry Cahill to second
|
Batting: RHB Steve Boyer
|
0-0: Foul Ball, location: 2F 0-1: Ball 1-1: DOUBLE (Flyball, 89D) Robinson Fernández scores Henry Cahill scores Júlio Serra to third
|
Batting: SHB Luis López
|
0-0: Ball 1-0: Ball 2-0: Called Strike 2-1: Ball 3-1: Base on Balls
|
Batting: RHB Edgardo Gonzáles
|
0-0: GRAND SLAM HOME RUN (Flyball, 7D), Distance : 382 ft
|
Batting: SHB Arnold Moore
|
0-0: Foul Ball, location: 2F 0-1: SOLO HOME RUN (Flyball, 8LXD), Distance : 429 ft
|
Pitching: RHP Kelly Woodside
|
|
Batting: RHB José Méndez
|
0-0: Fly out, F9 (Line Drive, 9)
|
Batting: LHB Shawn Brown
|
0-0: Called Strike 0-1: Swinging Strike 0-2: Foul Ball, location: 2F 0-2: Ball 1-2: Ball 2-2: Ball 3-2: Strikes out swinging
|
Top of the 3rd over - 7 run(s), 6 hit(s), 0 error(s), 0 left on base; Scottsdale 7 - Savannah 0 |
BOTTOM OF THE 3RD |
Savannah Hogs batting - Pitching for Scottsdale Scorpions : LHP Miguel Meneces
|
Batting: RHB Joel García
|
0-0: Ball 1-0: Ground out 5-3 (Groundball, 56S)
|
Batting: RHB Henry Haines
|
0-0: Ball 1-0: Called Strike 1-1: Ball 2-1: Called Strike 2-2: Foul Ball, location: 2F 2-2: Ball 3-2: Base on Balls
|
Batting: LHB António Gutiérrez
|
0-0: Ball 1-0: Foul Ball, location: 2F 1-1: Ball 2-1: SINGLE (Line Drive, 78M) Henry Haines to second
|
Batting: RHB Júlio Contreras
|
0-0: Ball 1-0: SINGLE (Line Drive, 56) Henry Haines to third António Gutiérrez to second
|
Batting: SHB Juan Chávez
|
0-0: Called Strike 0-1: Fly out, F9 (Flyball, 9S)
|
Batting: RHB Jorge Chávez
|
0-0: Ball 1-0: Called Strike 1-1: Ball 2-1: Ball 3-1: Called Strike 3-2: Strikes out swinging
|
Bottom of the 3rd over - 0 run(s), 2 hit(s), 0 error(s), 3 left on base; Scottsdale 7 - Savannah 0 |
TOP OF THE 4TH |
Scottsdale Scorpions batting - Pitching for Savannah Hogs : RHP Kelly Woodside
|
Batting: RHB Robinson Fernández
|
0-0: Ball 1-0: Fly out, F2 (Popup, 3S)
|
Batting: RHB Henry Cahill
|
0-0: Ball 1-0: Ball 2-0: SINGLE (Groundball, 56D)
|
Batting: RHB Júlio Serra
|
0-0: Fly out, F6 (Popup, 56)
|
Batting: RHB Steve Boyer
|
0-0: Ball 1-0: Ball Henry Cahill is caught stealing 2nd base
|
Top of the 4th over - 0 run(s), 1 hit(s), 0 error(s), 0 left on base; Scottsdale 7 - Savannah 0 |
BOTTOM OF THE 4TH |
Savannah Hogs batting - Pitching for Scottsdale Scorpions : LHP Miguel Meneces
|
Batting: LHB Marv Gardner
|
0-0: Called Strike 0-1: Foul Ball, location: 2F 0-2: Ball 1-2: SOLO HOME RUN (Flyball, 89XD), Distance : 391 ft
|
Batting: RHB Guillermo González
|
0-0: SINGLE (Groundball, 4MD)
|
Batting: RHB Ramón Gómez
|
0-0: Ball 1-0: Called Strike 1-1: Fly out, F9 (Line Drive, 9)
|
Batting: RHB Joel García
|
0-0: Called Strike 0-1: Swinging Strike 0-2: Ball Throwing error on steal attempt, E2 Guillermo González to third 1-2: Foul Ball, location: 2F 1-2: Strikes out swinging
|
Batting: RHB Henry Haines
|
0-0: Ball 1-0: Foul Ball, location: 2F 1-1: Swinging Strike 1-2: Ground out 5-3 (Groundball, 5S)
|
Bottom of the 4th over - 1 run(s), 2 hit(s), 1 error(s), 1 left on base; Scottsdale 7 - Savannah 1 |
TOP OF THE 5TH |
Scottsdale Scorpions batting - Pitching for Savannah Hogs : RHP Kelly Woodside
|
Batting: RHB Steve Boyer
|
0-0: Ball 1-0: Foul Ball, location: 2F 1-1: Ball 2-1: Called Strike 2-2: DOUBLE (Line Drive, 7LM)
|
Batting: SHB Luis López
|
0-0: Called Strike 0-1: Ball 1-1: Ball 2-1: Called Strike 2-2: SINGLE (Line Drive, 6D) Steve Boyer to third
|
Batting: RHB Edgardo Gonzáles
|
0-0: Swinging Strike 0-1: Foul Ball, location: 2F 0-2: Ball 1-2: Strikes out swinging
|
Batting: SHB Arnold Moore
|
0-0: Ball 1-0: Ball 2-0: Called Strike 2-1: Foul Ball, location: 2F 2-2: Strikes out looking
|
Batting: RHB José Méndez
|
0-0: Swinging Strike 0-1: Ball 1-1: Ball 2-1: SINGLE (Line Drive, 4M) Steve Boyer scores Luis López to second Runner from 2nd tries for 3rd, SAFE, throw made to third
|
Batting: LHB Shawn Brown
|
0-0: Ball 1-0: Ball 2-0: Swinging Strike 2-1: Fly out, F9 (Flyball, 9LMF)
|
Top of the 5th over - 1 run(s), 3 hit(s), 0 error(s), 2 left on base; Scottsdale 8 - Savannah 1 |
BOTTOM OF THE 5TH |
Savannah Hogs batting - Pitching for Scottsdale Scorpions : LHP Miguel Meneces
|
Batting: LHB António Gutiérrez
|
0-0: Ball 1-0: Ball 2-0: Ball 3-0: Base on Balls
|
Batting: RHB Júlio Contreras
|
0-0: Ball 1-0: Swinging Strike 1-1: Foul Ball, location: 2F 1-2: Fly out, F9 (Flyball, 9)
|
Batting: SHB Juan Chávez
|
0-0: Swinging Strike 0-1: Ball 1-1: Ball 2-1: Ball 3-1: Fielders Choice at 2nd, 5-4 (Groundball, 56)
|
Pitching: RHP Miguel Yan
|
|
Batting: RHB Jorge Chávez
|
0-0: Ball 1-0: Called Strike Juan Chávez steals 2nd base 1-1: Ball 2-1: Foul Ball, location: 2F 2-2: SINGLE (Groundball, 34D) Juan Chávez to third Runner from 3rd tries for Home, SAFE, no throw
|
Batting: LHB Marv Gardner
|
0-0: Ball 1-0: Ball 2-0: Swinging Strike 2-1: Foul Ball, location: 2F 2-2: Reached on error, E4 (Groundball, 34) Jorge Chávez to second
|
Batting: RHB Guillermo González
|
0-0: Swinging Strike 0-1: Called Strike 0-2: Ball 1-2: Strikes out swinging
|
Bottom of the 5th over - 1 run(s), 1 hit(s), 1 error(s), 2 left on base; Scottsdale 8 - Savannah 2 |
TOP OF THE 6TH |
Scottsdale Scorpions batting - Pitching for Savannah Hogs : RHP Kelly Woodside
|
Batting: RHB Robinson Fernández
|
0-0: Fly out, F6 (Popup, 6D)
|
Batting: RHB Henry Cahill
|
0-0: Ball 1-0: Fly out, F9 (Flyball, 9S)
|
Batting: RHB Júlio Serra
|
0-0: Called Strike 0-1: Foul Ball, location: 2F 0-2: Fly out, F6 (Line Drive, 56)
|
Top of the 6th over - 0 run(s), 0 hit(s), 0 error(s), 0 left on base; Scottsdale 8 - Savannah 2 |
BOTTOM OF THE 6TH |
Savannah Hogs batting - Pitching for Scottsdale Scorpions : RHP Miguel Yan
|
Batting: RHB Ramón Gómez
|
0-0: Ball 1-0: Fly out, F8 (Flyball, 8LM)
|
Batting: RHB Joel García
|
0-0: DOUBLE (Line Drive, 8LD)
|
Batting: RHB Henry Haines
|
0-0: Ball 1-0: Called Strike 1-1: Foul Ball, location: 2F 1-2: Ball 2-2: Ground out 6-3 (Groundball, 6)
|
Batting: LHB António Gutiérrez
|
0-0: Ball 1-0: Ball Passed Ball! Joel García to third 2-0: Foul Ball, location: 2F 2-1: Foul Ball, location: 2F 2-2: Strikes out swinging
|
Bottom of the 6th over - 0 run(s), 1 hit(s), 0 error(s), 1 left on base; Scottsdale 8 - Savannah 2 |
TOP OF THE 7TH |
Scottsdale Scorpions batting - Pitching for Savannah Hogs : RHP Kelly Woodside
|
Batting: RHB Steve Boyer
|
0-0: Ball 1-0: Foul Ball, location: 2F 1-1: Foul Ball, location: 2F 1-2: Ball 2-2: SINGLE (Groundball, 6MD)
|
Pitching: RHP William Gallegos
|
|
Batting: SHB Luis López
|
0-0: Fly out, F6 (Line Drive, 6)
|
Batting: RHB Edgardo Gonzáles
|
0-0: Ball 1-0: 2-RUN HOME RUN (Flyball, 7D), Distance : 379 ft
|
Batting: SHB Arnold Moore
|
0-0: Swinging Strike 0-1: Ground out 4-3 (Groundball, 4)
|
Batting: RHB José Méndez
|
0-0: Called Strike 0-1: Ball 1-1: Called Strike 1-2: Strikes out swinging
|
Top of the 7th over - 2 run(s), 2 hit(s), 0 error(s), 0 left on base; Scottsdale 10 - Savannah 2 |
BOTTOM OF THE 7TH |
Savannah Hogs batting - Pitching for Scottsdale Scorpions : RHP Miguel Yan
|
Batting: RHB Júlio Contreras
|
0-0: Foul Ball, location: 2F 0-1: Called Strike 0-2: Foul Ball, location: 2F 0-2: Strikes out swinging
|
Batting: SHB Juan Chávez
|
0-0: Ball 1-0: Ball 2-0: Hit by Pitch
|
Batting: RHB Jorge Chávez
|
0-0: Ball Juan Chávez steals 2nd base 1-0: Called Strike 1-1: Called Strike 1-2: Strikes out swinging
|
Batting: LHB Marv Gardner
|
0-0: Foul Ball, location: 2F 0-1: Ball 1-1: Ball 2-1: Called Strike 2-2: Ball 3-2: Base on Balls
|
Batting: RHB Guillermo González
|
0-0: Ball 1-0: Ball 2-0: Foul Ball, location: 2F 2-1: Ball 3-1: Foul Ball, location: 2F 3-2: Ground out 5-3 (Groundball, 56)
|
Bottom of the 7th over - 0 run(s), 0 hit(s), 0 error(s), 2 left on base; Scottsdale 10 - Savannah 2 |
TOP OF THE 8TH |
Scottsdale Scorpions batting - Pitching for Savannah Hogs : RHP William Gallegos
|
Batting: LHB Shawn Brown
|
0-0: Called Strike 0-1: Foul Ball, location: 2F 0-2: Strikes out looking
|
Batting: RHB Robinson Fernández
|
0-0: Ball 1-0: Foul Ball, location: 2F 1-1: Ball 2-1: Ground out U3 (Groundball, 3)
|
Batting: RHB Henry Cahill
|
0-0: Called Strike 0-1: Ball 1-1: Swinging Strike 1-2: Ground out 5-3 (Groundball, 5)
|
Top of the 8th over - 0 run(s), 0 hit(s), 0 error(s), 0 left on base; Scottsdale 10 - Savannah 2 |
BOTTOM OF THE 8TH |
Savannah Hogs batting - Pitching for Scottsdale Scorpions : RHP Miguel Yan
|
Now in LF: José Garza
|
|
Batting: RHB Ramón Gómez
|
0-0: Ball 1-0: Ball 2-0: Swinging Strike 2-1: Ball 3-1: Base on Balls
|
Batting: RHB Joel García
|
0-0: Foul Ball, location: 2F 0-1: Called Strike 0-2: Ball 1-2: Strikes out swinging
|
Pitching: LHP Terry Stanley
|
|
Batting: RHB Henry Haines
|
0-0: Ball 1-0: Called Strike 1-1: Ball 2-1: Ball 3-1: Foul Ball, location: 2F 3-2: Foul Ball, location: 2F 3-2: Foul Ball, location: 2F 3-2: Base on Balls Ramón Gómez to second
|
Batting: LHB António Gutiérrez
|
0-0: Ball 1-0: Ball 2-0: Ball 3-0: Base on Balls Ramón Gómez to third Henry Haines to second
|
Batting: RHB Júlio Contreras
|
0-0: Ball 1-0: Called Strike 1-1: Ball 2-1: Called Strike 2-2: Ball 3-2: Grounds into double play, 5-4-3 (Groundball, 56D)
|
Bottom of the 8th over - 0 run(s), 0 hit(s), 0 error(s), 2 left on base; Scottsdale 10 - Savannah 2 |
TOP OF THE 9TH |
Scottsdale Scorpions batting - Pitching for Savannah Hogs : RHP William Gallegos
|
Batting: RHB Júlio Serra
|
0-0: Ball 1-0: Ground out 6-3 (Groundball, 6MS)
|
Batting: RHB Steve Boyer
|
0-0: Ball 1-0: Ball 2-0: Fly out, F2 (Popup, 23)
|
Batting: SHB Luis López
|
0-0: Ball 1-0: Ball 2-0: Foul Ball, location: 2F 2-1: Called Strike 2-2: Ball 3-2: Ground out 4-3 (Groundball, 4)
|
Top of the 9th over - 0 run(s), 0 hit(s), 0 error(s), 0 left on base; Scottsdale 10 - Savannah 2 |
BOTTOM OF THE 9TH |
Savannah Hogs batting - Pitching for Scottsdale Scorpions : LHP Terry Stanley
|
Now at 2B: Pablo Pineda
|
|
Now in CF: Mike Hall
|
|
Batting: SHB Juan Chávez
|
0-0: Called Strike 0-1: Ball 1-1: Swinging Strike 1-2: Hit by Pitch
|
Batting: RHB Jorge Chávez
|
0-0: Called Strike 0-1: Ball 1-1: Grounds into double play, 6-4-3 (Groundball, 6)
|
Batting: LHB Marv Gardner
|
0-0: Ball 1-0: Ball 2-0: Foul Ball, location: 2F 2-1: Foul Ball, location: 2F 2-2: Fly out, F7 (Flyball, 78M)
|
Bottom of the 9th over - 0 run(s), 0 hit(s), 0 error(s), 0 left on base; Scottsdale 10 - Savannah 2 |
|